 Dungeon Crawl Stone Soup version 0.24.1-14-gf8d2b509d9 (webtiles) character file.

Game seed: 1144133802627372096, levelgen mode: deterministic

263 lepoulpe303 the Ruffian (level 5, -18/42 HPs)
             Began as a Draconian Transmuter on May 22, 2020.
             Was an Initiate of Wu Jian.
             Demolished by a two-headed ogre
             ... wielding a +0 giant club
              (20 damage)
             ... on level 6 of the Dungeon.
             The game lasted 00:13:52 (3498 turns).

lepoulpe303 the Ruffian (Draconian Transmuter)      Turns: 3498, Time: 00:13:53

Health: -18/42     AC:  2    Str: 12    XL:     5   Next: 97%
Magic:  2/9        EV: 20    Int: 15    God:    Wu Jian [......]
Gold:   244        SH:  0    Dex: 16    Spells: 4/10 levels left

rFire    . . .     SeeInvis .     - Unarmed
rCold    . . .     Gourm    .   (shield currently unavailable)
rNeg     . . .     Faith    .   (armour unavailable)
rPois    x         Spirit   .   (helmet currently unavailable)
rElec    .         Reflect  .   (cloak currently unavailable)
rCorr    .         Harm     .   (gloves currently unavailable)
MR       .....                  (boots currently unavailable)
Stlth    +.........             p - amulet of the acrobat
HPRegen  0.14/turn              (no ring)
MPRegen  0.11/turn              (no ring)

@: about to teleport, spider-form (expiring), very slightly contaminated
A: tiny, unfitting armour, AC +5
a: End Transformation, Renounce Religion


You were on level 6 of the Dungeon.
You worshipped Wu Jian.
Wu Jian was noncommittal.
You were not hungry.
You were a venomous arachnid creature.
You visited 2 branches of the dungeon, and saw 7 of its levels.

You collected 244 gold pieces.

Inventory:

Missiles
 m - 7 arrows
 n - 45 poisoned darts (quivered)
Jewellery
 f - an uncursed ring of positive energy {unknown}
 h - an uncursed amulet of magic regeneration {unknown}
 p - an amulet of the acrobat (around neck)
 Q - an uncursed amulet of harm
Wands
 v - a wand of flame (17)
Scrolls
 c - 2 scrolls of immolation {!r}
 i - a scroll of identify
 q - 2 scrolls of magic mapping {unknown}
 s - a scroll of enchant weapon {unknown}
 t - 4 scrolls of teleportation
 u - a scroll of fog {unknown}
Potions
 b - 2 potions of heal wounds {unknown}
 d - a potion of ambrosia {unknown}
 g - 2 potions of curing {unknown}
 j - a potion of brilliance {unknown}
 k - 2 potions of haste {unknown}
 l - 2 potions of might {unknown}
 o - a potion of berserk rage {unknown}
 r - 2 potions of agility {unknown}
Comestibles
 a - 2 chunks of flesh
 e - 5 rations


   Skills:
 + Level 2.3 Fighting
 + Level 2.3 Dodging
 * Level 4.2 Unarmed Combat
 * Level 3.2 Spellcasting
 * Level 3.4 Transmutations
 + Level 1.1 Poison Magic


You had 4 spell levels left.
You knew the following spells:

 Your Spells              Type           Power        Failure   Level  Hunger
a - Beastly Appendage     Tmut           ##....       14%         1    #......
c - Spider Form           Tmut/Pois      #.........   43%         3    ###....
s - Sticks to Snakes      Tmut           ##......     19%         2    ##.....

Your spell library contained the following spells:

 Spells                   Type           Power        Failure   Level  Hunger
 Corona                   Hex            #......      41%         1    #......
 Ensorcelled Hibernation  Hex/Ice        #.....       52%         2    ##.....
 Confuse                  Hex            #.......     73%         3    ###....
 Dazzling Spray           Conj/Hex       #.....       73%         3    ###....
 Tukima's Dance           Hex            #.......     73%         3    ###....
 Ice Form                 Ice/Tmut       #.......     85%         4    #####..
 Blade Hands              Tmut           ##........   91%         5    ######.


Dungeon Overview and Level Annotations

Branches:
Dungeon (7/15)             Temple (1/1) D:4

Altars:
Dithmenos
Kikubaaqudgha
Makhleb
Okawaru
Ru
Sif Muna
Uskayaw
Wu Jian
The Shining One


Innate Abilities, Weirdness & Mutations

((Your plain brown scales are hard. (AC +5)))
You cannot fit into any form of body armour.
((You are cold-blooded and may be slowed by cold attacks.))


Message History

The hound zombie bites you.
* * * LOW HITPOINT WARNING * * *
You take 28 damage, and have 5/42 hp.
MASSIVE DAMAGE!!
The quokka barely misses you. The hound zombie completely misses you.
The quokka completely misses you.
The two-headed ogre completely misses you.
The two-headed ogre hits you with a +0 giant club.
* * * LOW HITPOINT WARNING * * *
You take 4 damage, and have 1/42 hp.
Found a stone staircase leading up.
Your transformation is almost over.
A scorpion comes into view.
The hound zombie completely misses you.
As you read the scroll of teleportation, it crumbles to dust.
You feel strangely unstable.
The shadow imp hits you but does no damage.
The hound zombie completely misses you. The two-headed ogre closely misses you.
The two-headed ogre hits you with a +0 giant club!!
You die...

. ....# . .....
##.......
####.#......
###....#......
#.....<.......
#........s....
#....Zs....... #
####...5O...(...
##.#.....r.........
...................
##.##.............?
#.##...............
#.................
##.....####...?....
#....##### #.##(..


You could see a two-headed ogre, a scorpion, a shadow imp, a hound zombie and a
quokka.

Levels and vault maps discovered:
D:1:      dpeg_arrival_chase, layout_rooms
D:2:      layout_basic
D:3:      layout_loops_corners
D:4:      layout_loops_cross, lemuel_round_altar, minmay_temple_entry_hall,
          first_ration, kennysheep_opposing_triangles
D:6:      layout_cave_pools, portal_sewer_entry_f, serial_shops,
          nicolae_shop_statue_plus, ebering_ghost_reflecting_pool,
          minmay_ruffians, uniq_sigmund
D:7:      layout_layer_cave, grunt_ogre_cave, guppyfry_shop_venom
Temple:   eino_narrow_crystal_temple

Notes
Turn   | Place    | Note
-------+----------+-------------------------------------------
     0 | D:1      | lepoulpe303 the Draconian Transmuter began the quest for
                  | the Orb.
     0 | D:1      | Reached XP level 1. HP: 16/16 MP: 3/3
    15 | D:1      | Identified a +0 club
   118 | D:1      | Identified a +0 dagger
   132 | D:1      | Identified a +0 dagger
   172 | D:1      | Reached XP level 2. HP: 19/23 MP: 5/5
   176 | D:1      | Learned a level 2 spell: Sticks to Snakes
   238 | D:1      | Identified a +0 club
   332 | D:1      | Identified a +0 dagger of draining
   334 | D:1      | Identified a +0 club
   416 | D:1      | Identified a +0 club
   821 | D:2      | Reached XP level 3. HP: 28/28 MP: 2/6
   826 | D:2      | Learned a level 3 spell: Spider Form
   935 | D:2      | Identified a +0 club
  1013 | D:2      | Reached skill level 2 in Dodging
  1326 | D:3      | Identified a +0 club
  1463 | D:3      | Identified a +0 leather armour
  1909 | D:3      | Identified a +0 flail
  1928 | D:3      | Identified a +0 mace
  1928 | D:3      | Identified a +0 whip
  1928 | D:3      | Identified a +0 ring mail
  1934 | D:3      | Identified a +0 flail
  2056 | D:3      | Reached XP level 4. HP: 36/36 MP: 7/7
  2214 | D:3      | Identified a +0 mace
  2214 | D:3      | Identified a +0 ring mail
  2551 | D:4      | Found a staircase to the Ecumenical Temple.
  2560 | Temple   | Entered the Ecumenical Temple
  2561 | Temple   | lepoulpe303: !whichgod drtm
  2561 | Temple   | meem: 96 recent wins for drtm: 27x Wu Jian, 15x
                  | Cheibriados, 9x Okawaru, 8x Ru, 7x Makhleb, 5x Nemelex
                  | Xobeh, 5x Gozag, 4x Ashenzari, 3x Jiyva, 3x Elyvilon, 3x
                  | The Shining One, 2x Sif Muna, 2x Vehumet, 2x Hepliaklqana,
                  | Qazlal
  2566 | Temple   | Became a worshipper of the Wu Jian Council
  2602 | D:4      | Found a sacrificial altar of Ru.
  2610 | D:4      | Reached skill level 2 in Fighting
  2610 | D:4      | Reached skill level 3 in Transmutations
  2789 | D:4      | Noticed a phantom
  2796 | D:4      | Identified 5 scrolls of teleportation
  2801 | D:4      | Identified 3 scrolls of immolation
  2802 | D:4      | Identified 3 scrolls of identify
  2802 | D:4      | Identified an amulet of harm (You found it on level 2 of
                  | the Dungeon)
  2803 | D:4      | Identified an amulet of the acrobat (You found it on level
                  | 3 of the Dungeon)
  2831 | D:4      | Reached XP level 5. HP: 33/41 MP: 9/9
  2927 | D:4      | You fall into a shaft and drop 3 floors!
  2939 | D:7      | Reached skill level 4 in Unarmed Combat
  3016 | D:7      | Identified a +0 giant club
  3016 | D:7      | Noticed an ogre
  3031 | D:7      | HP: 9/41 [bullfrog (6)]
  3034 | D:7      | HP: 4/41 [bullfrog (5)]
  3034 | D:7      | Reached skill level 3 in Spellcasting
  3034 | D:7      | Reached skill level 1 in Poison Magic
  3069 | D:7      | HP: 7/41 [scorpion (2)]
  3466 | D:6      | Identified a +0 giant club
  3466 | D:6      | Identified a +0 giant club
  3466 | D:6      | Noticed a two-headed ogre
  3486 | D:6      | HP: 6/42 [two-headed ogre/+0 giant club (6)]
  3490 | D:6      | HP: 1/42 [two-headed ogre/+0 giant club (5)]
  3498 | D:6      | Demolished by a two-headed ogre

Table legend:
 A = Turns spent in this place as a percentage of turns spent in the entire game.
 B = Non-inter-level travel turns spent in this place as a percentage of non-inter-level travel turns spent in the entire game.
 C = Inter-level travel turns spent in this place as a percentage of turns spent in this place.
 D = Turns resting spent in this place as a percentage of non-inter-level travel turns spent in this place.
 E = Turns spent auto-exploring this place as a percentage of non-inter-level travel turns spent in this place.
 F = Non-inter-level travel turns spent in this place divided by the number of levels of this place that you've seen.
                   A       B       C       D       E      F
               +-------+-------+-------+-------+-------+----------------------
         Total | 100.0 | 100.0 |   1.9 |  23.8 |  52.4 | 490.4
       Dungeon |  99.6 |  99.9 |   1.5 |  23.8 |  52.4 | 571.8
        Temple |   0.4 |   0.1 |  84.6 |   0.0 |   0.0 |   2.0
               +-------+-------+-------+-------+-------+----------------------

Table legend:
 A = Kills in this place as a percentage of kills in entire the game.
 B = Kills by you in this place as a percentage of kills by you in the entire game.
 C = Kills by friends in this place as a percentage of kills by friends in the entire game.
 D = Other kills in this place as a percentage of other kills in the entire game.
 E = Experience gained in this place as a percentage of experience gained in the entire game.
 F = Experience gained in this place divided by the number of levels of this place that you have seen.
                   A       B       C       D       E      F
               +-------+-------+-------+-------+-------+----------------------
         Total | 100.0 | 100.0 | 100.0 |   N/A | 100.0 |  53.7
       Dungeon | 100.0 | 100.0 | 100.0 |   N/A | 100.0 |  62.7
               +-------+-------+-------+-------+-------+----------------------

Skill      XL: |  1  2  3  4  5 |
---------------+----------------+-----
Dodging        | 2 |  2.3
Fighting       | 2 |  2.3
Transmutations | 3 |  3.4
Unarmed Combat | 4 |  4.2
Spellcasting   | 3 |  3.2
Poison Magic   | 1 |  1.1

Action                   |  1- 3 |  4- 6 || total
-------------------------+-------+-------++-------
Melee: Unarmed           |   161 |    69 ||   230
       Tailslap          |    10 |     8 ||    18
       Headbutt          |     1 |     5 ||     6
       Kick              |       |     1 ||     1
Throw: Dart              |    12 |       ||    12
 Cast: Beastly Appendage |     4 |     6 ||    10
       Sticks to Snakes  |     2 |     3 ||     5
       Spider Form       |     1 |     2 ||     3
Invok: Lunge             |       |     1 ||     1
  Use: Scroll            |       |     5 ||     5
 Stab: Sleeping          |     1 |       ||     1
  Eat: Chunk             |     4 |     3 ||     7
       Ration            |       |     1 ||     1
Armor: Skin              |    55 |    25 ||    80
Dodge: Dodged            |   114 |    43 ||   157

Vanquished Creatures
  A scorpion (D:7)
  2 worker ants (D:4)
  3 adders
  An ooze (D:2)
  3 leopard geckos (D:3)
  6 orcs (D:3)
  6 bats
  A giant cockroach (D:1)
  5 goblins
  6 hobgoblins
  2 jackals (D:1)
  2 quokkas
  4 frilled lizards
  4 kobolds
  8 rats
54 creatures vanquished.

Vanquished Creatures (collateral kills)
  A bullfrog (D:7)
  An iguana (D:7)
2 creatures vanquished.

Grand Total: 56 creatures vanquished
